Map: Catalyst LE

Players

aGiLo - Winner!

  • Race: Zerg Zerg
  • League: Master
  • Spawn Location: 5:00

Vindicta

  • Race: Terran Terran
  • League: Grandmaster
  • Spawn Location: 11:00

VOD

Have the link to the VOD?

Description

Time

  • Played on: Nov. 22, 2017, 4:51 p.m.
  • Length: 13:59
Show
View Real Time Build Order
Export as new Build Order

aGiLo Zerg - Winner!

Build Orders: Hatch First, Swarm Host 

Get SALT Encoding   

  12  0:01  Drone  
  13  0:14  Overlord  
  13  0:17  Drone  
  14  0:33  Drone x2  
  16  0:38  Drone  
  17  0:53  Hatchery  
  17  0:55  Drone  
  17  1:09  Spawning Pool  
  16  1:13  Drone  
  17  1:33  Hatchery  
  17  1:36  Drone  
  17  1:39  Drone  
  18  1:43  Drone  
  19  1:48  Drone  
  20  1:56  Queen  
  22  2:05  Queen  
  22  2:08  Zergling x2  
  25  2:11  Zergling x2  
  26  2:17  Overlord  
  26  2:21  Drone  
  27  2:43  Drone x4  
  27  2:44  Queen x2  
  35  3:13  Overlord  
  35  3:16  Overlord  
  35  3:31  Overlord x3  
  35  3:32  Queen x3  
  35  3:34  Drone x3  
  42  3:35  Drone  
  45  3:43  Drone x2  
  45  3:44  Drone x2  
  45  3:47  Extractor  
  45  3:48  Extractor  
  47  3:49  Extractor  
  47  3:51  Drone  
  47  3:52  Extractor  
  46  4:01  Drone x2  
  46  4:02  Drone  
  49  4:05  Drone x3  
  52  4:16  Drone x3  
  55  4:26  Queen  
  55  4:27  Queen  
  59  4:32  Evolution Chamber  
  59  4:34  Roach Warren, Evolution Chamber  
  52  4:49  Drone x7  
  52  4:50  Drone  
  60  5:01  Zerg Ground Armor Level 1, Zerg Missile Weapons Level 1  
  60  5:03  Drone x2  
  62  5:12  Drone x3  
  62  5:13  Drone  
  66  5:14  Overlord  
  66  5:18  Overlord  
  66  5:22  Lair  
  66  5:28  Overlord  
  66  5:37  Drone x5  
  66  5:38  Drone  
  66  5:39  Roach x2  
  66  5:40  Roach  
  78  5:49  Roach x4  
  86  5:54  Overlord  
  86  6:06  Drone x4  
  90  6:12  Hatchery  
  89  6:18  Drone x2  
  89  6:19  Drone x4  
  89  6:21  Glial Reconstitution  
  89  6:22  Hydralisk Den  
  89  6:24  Drone  
  95  6:26  Extractor x2  
  95  6:29  Drone  
  95  6:30  Drone  
  95  6:47  Overlord x3  
  95  6:49  Drone  
  96  6:56  Zerg Missile Weapons Level 2, Muscular Augments, Zerg Ground Armor Level 2  
  96  6:58  Overlord x3  
  96  7:13  Roach x4  
  96  7:14  Roach x4  
  112  7:24  Hydralisk x2  
  112  7:25  Hydralisk  
  118  7:49  Hydralisk x5  
  118  7:50  Hydralisk x4  
  132  7:54  Drone  
  132  7:55  Drone  
  130  8:13  Queen x2  
  130  8:18  Drone x7  
  130  8:19  Drone  
  140  8:23  Infestation Pit  
  139  8:33  Drone  
  139  8:34  Drone x7  
  143  8:35  Drone x3  
  143  8:37  Extractor  
  143  8:38  Extractor  
  143  8:39  Spore Crawler  
  143  8:40  Spine Crawler x3  
  143  8:41  Spine Crawler  
  135  9:00  Drone x5  
  132  9:16  Swarm Host  
  120  9:17  Swarm Host x10  
  120  9:20  Queen  
  151  9:24  Overlord  
  151  9:27  Hive  
  149  9:41  Overlord x5  
  149  9:43  Swarm Host x3  
  158  10:05  Swarm Host  
  158  10:06  Swarm Host x7  
  158  10:07  Swarm Host x2  
  176  10:13  Ravager x9  
  197  10:18  Swarm Host  
  182  10:55  Swarm Host x2  
  182  10:56  Swarm Host x4  
  200  11:03  Zerg Missile Weapons Level 3, Zerg Ground Armor Level 3  
  200  11:22  Hatchery  
  199  12:06  Drone  
  200  12:08  Spore Crawler  
  200  12:10  Spine Crawler  
  198  12:16  Drone x2  
  178  12:41  Hydralisk x4  
  178  12:42  Hydralisk x7  
  197  12:51  Swarm Host  
  191  13:28  Hydralisk x5  
  193  13:44  Drone  
Show
View Real Time Build Order
Export as new Build Order

Vindicta Terran 

Build Orders: Mech 

Get SALT Encoding   

  12  0:00  SCV  
  13  0:12  SCV  
  14  0:17  Supply Depot  
  14  0:25  SCV  
  15  0:39  SCV  
  15  0:40  Barracks  
  16  0:44  Refinery  
  16  0:51  SCV  
  17  1:03  SCV  
  18  1:15  SCV  
  19  1:27  Marine  
  19  1:28  Orbital Command  
  20  1:46  Command Center  
  20  1:48  Marine  
  20  1:54  SCV  
  22  2:07  SCV  
  22  2:08  Barracks Reactor  
  23  2:11  Factory  
  23  2:15  Supply Depot  
  23  2:32  Refinery  
  23  2:36  SCV  
  24  2:45  Marine x2  
  24  2:48  SCV  
  27  2:55  Widow Mine  
  27  2:56  Starport  
  29  3:00  SCV  
  29  3:03  Marine x2  
  32  3:08  Orbital Command  
  33  3:12  SCV  
  33  3:25  SCV  
  34  3:34  Medivac  
  34  3:35  Hellion  
  34  3:36  Hellion  
  34  3:37  SCV  
  34  3:41  Armory  
  41  3:43  SCV  
  41  3:44  Supply Depot  
  42  3:52  SCV  
  43  3:57  SCV, Hellion  
  46  4:05  SCV  
  46  4:06  Supply Depot, Hellion  
  50  4:18  Hellion  
  50  4:19  Viking, Supply Depot  
  50  4:21  SCV  
  54  4:28  Barracks Tech Lab, SCV, Hellion  
  57  4:37  SCV  
  56  4:41  SCV  
  56  4:42  Terran Vehicle Weapons Level 1  
  51  4:52  Command Center  
  51  4:54  Hellion x2  
  51  4:55  SCV  
  54  5:06  Starport Tech Lab  
  55  5:09  SCV, Factory x2  
  55  5:13  Refinery  
  55  5:14  SCV  
  56  5:15  Refinery  
  56  5:21  SCV, Hellion x2  
  61  5:26  SCV  
  62  5:33  SCV  
  63  5:38  SCV  
  64  5:45  SCV  
  64  5:47  Medivac  
  64  5:49  Hellion  
  69  5:50  SCV  
  69  5:52  Supply Depot x2  
  70  6:04  Thor, Hellion  
  70  6:05  Thor  
  70  6:11  Orbital Command  
  84  6:14  Hellion  
  84  6:19  Medivac  
  84  6:21  SCV x2  
  88  6:26  Hellion  
  88  6:27  Infernal Pre-Igniter  
  90  6:35  Hellion  
  90  6:36  Orbital Command  
  90  6:38  SCV x2  
  94  6:47  Hellion  
  94  6:50  SCV x2  
  94  6:51  Siege Tank  
  101  6:59  Supply Depot x2  
  101  7:02  Terran Vehicle And Ship Armor Level 1  
  101  7:04  SCV x2, Siege Tank, Hellion  
  101  7:05  SCV  
  105  7:16  SCV x2  
  105  7:19  Hellion  
  105  7:20  Armory  
  105  7:21  SCV  
  110  7:23  Hellion  
  110  7:25  Refinery x2  
  110  7:28  SCV  
  113  7:31  SCV  
  113  7:33  SCV  
  111  7:41  SCV  
  111  7:42  Siege Tank, Hellion x2  
  111  7:43  SCV  
  101  7:53  SCV  
  101  7:54  Factory, Starport Reactor  
  101  7:55  SCV  
  101  7:56  Factory  
  102  8:09  Siege Tank  
  102  8:11  Terran Vehicle Weapons Level 2  
  102  8:12  Hellion x2  
  105  8:16  SCV  
  106  8:20  Command Center  
  106  8:21  Siege Tank  
  109  8:32  SCV  
  109  8:33  Hellion  
  109  8:34  Hellion  
  114  8:35  Supply Depot  
  114  8:36  Supply Depot  
  114  8:37  Supply Depot  
  114  8:40  Factory Reactor, Viking, Factory Tech Lab  
  114  8:41  Viking  
  118  8:46  SCV  
  118  8:47  Siege Tank  
  112  8:54  Hellion  
  112  8:55  Hellion  
  105  9:01  Siege Tank  
  105  9:02  Hellion  
  94  9:12  SCV  
  94  9:15  SCV, Hellion  
  94  9:16  Hellion  
  91  9:17  Hellion x2  
  91  9:19  Siege Tank  
  98  9:24  Command Center  
  98  9:31  SCV  
  98  9:32  SCV, Thor  
  98  9:37  Siege Tank  
  106  9:43  Hellion  
  108  9:46  SCV  
  108  9:48  Hellion  
  108  9:49  Terran Vehicle And Ship Armor Level 2  
  108  9:52  Siege Tank  
  111  9:58  Siege Tank  
  114  10:09  Siege Tank  
  114  10:11  Hellion  
  119  10:17  Hellion  
  119  10:19  SCV  
  122  10:24  Siege Tank  
  125  10:29  Hellion  
  125  10:36  Siege Tank  
  125  10:40  Hellion  
  125  10:41  Siege Tank  
  113  10:44  Hellion  
  113  10:49  Hellion  
  96  10:54  Orbital Command  
  84  10:59  Siege Tank  
  87  11:04  Medivac  
  87  11:05  Medivac  
  87  11:07  Hellion  
  87  11:08  Hellion  
  87  11:09  Hellion  
  97  11:14  Siege Tank  
  103  11:21  Hellion  
  103  11:24  Siege Tank  
  105  11:28  Hellion  
  105  11:29  Hellion  
  105  11:30  Hellion  
  111  11:33  Orbital Command  
  111  11:36  Siege Tank  
  114  11:42  Hellion  
  114  11:46  Siege Tank  
  119  11:50  Hellion  
  119  11:54  Hellion  
  105  11:55  Hellion  
  105  11:56  Siege Tank  
  95  12:01  Medivac  
  97  12:09  Siege Tank  
  97  12:12  SCV x2  
  97  12:14  SCV  
  103  12:20  Hellion  
  103  12:22  Hellion  
  103  12:23  Hellion  
  103  12:24  Hellion x7  
  103  12:25  SCV  
  103  12:29  Siege Tank  
  101  12:31  SCV  
  101  12:33  Orbital Command  
  101  12:36  Medivac  
  101  12:37  Medivac  
  103  12:46  Siege Tank  
  104  12:57  Siege Tank  
  106  13:00  SCV  
  107  13:14  Thor  
  107  13:18  Siege Tank  
  98  13:33  SCV x2  
  79  13:37  Hellion  
  79  13:38  Hellion  
Tags
 
Add a new tag
Caveats
  • Supply blocks, unpowered buildings, or Contaminate may cause inaccurate times.
  • Supply counts are checked every 10 seconds.